 Dungeon Crawl Stone Soup version 0.27-a0-594-g2aaa8dbbc2 (webtiles) character file.

Game seed: 14565323270668229679

152450 Ijustatesigmund the Epochal (level 17, -9/165 HPs)
             Began as a Demonspawn Fighter on Mar 10, 2021.
             Was an Elder of Cheibriados.
             Killed from afar by a spriggan air mage (39 damage)
             ... with a bolt of lightning
             ... on level 2 of the Swamp on Mar 11, 2021.
             The game lasted 01:40:22 (43132 turns).

Ijustatesigmund the Epochal (Demonspawn Fighter)   Turns: 43132, Time: 01:40:23

Health: -9/165     AC: 23    Str: 28    XL:     17   Next: 2%
Magic:  28/29      EV: 17    Int: 22    God:    Cheibriados [****..]
Gold:   353        SH: 18    Dex: 23    Spells: 8/16 levels left

rFire    + + .     SeeInvis .   a - +5 war axe
rCold    . . .     Faith    .   c - +1 kite shield
rNeg     . . .     Spirit   .   b - +4 chain mail {rF+}
rPois    +         Reflect  .   P - +0 hat {Will+}
rElec    .         Harm     .   W - +1 cloak
rCorr    .         Rampage  .   t - +0 pair of gloves
Will     ++...                  g - +0 pair of boots
Stlth    ..........             (no amulet)
HPRegen  0.37/turn              T - +4 ring of evasion
MPRegen  0.21/turn              X - ring of poison resistance

@: studying Maces & Flails, very slow
A: antennae 1, talons 2, molten scales 2, demonic guardian 2, fire resistance 1,
robust 2, condensation shield
a: Renounce Religion, Bend Time, Temporal Distortion, Slouch


You were on level 2 of the Swamp.
You worshipped Cheibriados.
Cheibriados was greatly pleased with you.
You visited 5 branches of the dungeon, and saw 27 of its levels.
You also visited: Ice Cave.

You collected 3141 gold pieces.
You spent 2788 gold pieces at shops.

Inventory:

Hand Weapons
 a - a +5 war axe (weapon)
 n - a +5 mace of freezing
 G - the +10 hand axe "Agonkaig" {pain, SInv}
   (You found it on level 14 of the Dungeon)

   In the hands of one skilled in necromantic magic, it inflicts extra damage on
   living creatures.
   It lets you see invisible.
 U - a +0 broad axe
Missiles
 H - 9 curare-tipped darts (quivered)
Armour
 b - a +4 chain mail of fire resistance (worn)
 c - a +1 kite shield (worn)
 g - a +0 pair of boots (worn)
 t - a +0 pair of gloves (worn)
 M - a +1 tower shield of cold resistance
 P - a +0 hat of willpower (worn)
 Q - +0 ice dragon scales
 W - a +1 cloak (worn)
Magical Staves
 S - a staff of death
Jewellery
 j - an amulet of magic regeneration
 l - a ring of see invisible
 o - a ring of fire
 v - a ring of ice
 x - a ring of resist corrosion
 O - a ring of protection from fire
 T - a +4 ring of evasion (right hand)
 V - a ring of flight
 X - a ring of poison resistance (left hand)
Wands
 m - a wand of mindburst (17)
 s - a wand of polymorph (16)
 u - a wand of charming (10)
 B - a wand of flame (24)
 J - a wand of iceblast (20)
 L - a wand of digging (1)
Scrolls
 f - 5 scrolls of amnesia
 k - a scroll of magic mapping
 w - a scroll of summoning
 y - 10 scrolls of identify
 C - 7 scrolls of fog
Potions
 d - 7 potions of ambrosia
 h - 4 potions of brilliance
 i - 5 potions of flight
 r - 4 potions of resistance
 z - 8 potions of lignification
 A - a potion of magic
 D - a potion of attraction
 E - a potion of curing
 F - 2 potions of might
 I - 3 potions of mutation
 K - a potion of cancellation
Miscellaneous
 R - a condenser vane


   Skills:
 - Level 13.8 Fighting
 - Level 13.3(13.5) Axes
 - Level 4.4(9.8) Maces & Flails
 - Level 10.0 Armour
 - Level 7.5 Dodging
 - Level 8.1 Shields
 - Level 10.7 Necromancy
 - Level 4.8 Translocations
 + Level 17.8 Invocations
 - Level 3.7 Evocations


You had 8 spell levels left.
You knew the following spells:

 Your Spells              Type           Power      Damage    Failure   Level
a - Magic Dart            Conj           0%         1d3       86%         1
b - Blink                 Tloc           N/A        N/A       34%         2
c - Agony                 Necr           47%        N/A       50%         5

Your spell library contained the following spells:

 Spells                   Type           Power      Damage    Failure   Level
 Animate Skeleton         Necr           94%        N/A       1%          1
 Pain                     Necr           100%       1d9       1%          1
 Vampiric Draining        Necr           23%        2d9       6%          3
 Animate Dead             Necr           23%        N/A       21%         4
 Beastly Appendage        Tmut           0%         N/A       86%         1
 Call Imp                 Summ           0%         N/A       95%         2
 Slow                     Hex            0%         N/A       95%         2
 Wereblood                Tmut           0%         N/A       95%         2
 Conjure Flame            Conj/Fire      0%         6-21      99%         3
 Ignite Poison            Fire/Tmut/Pois 0%         N/A       99%         3
 Mephitic Cloud           Conj/Pois/Air  0%         N/A       99%         3
 Spider Form              Tmut/Pois      0%         N/A       99%         3
 Ice Form                 Ice/Tmut       0%         N/A       100%        4
 Blade Hands              Tmut           0%         N/A       100%        5
 Fireball                 Conj/Fire      0%         3d3       100%        5
 Starburst                Conj/Fire      0%         8x6d3     100%        6
 Ignition                 Fire           0%         3d3       100%        8


Dungeon Overview and Level Annotations

Branches:
Dungeon (15/15)            Temple (0/1) D:6            Lair (6/6) D:8
  Swamp (2/4) Lair:3        Snake (0/4) Lair:2        Slime (0/5) Lair:5
    Orc (2/2) D:11            Elf (0/3) Orc:2        Vaults (0/5) D:13
 Depths (2/5) D:15          IceCv (visited)

Altars:
Ashenzari
Cheibriados
Dithmenos
Fedhas
Makhleb
Okawaru
Qazlal
Ru
Trog
Uskayaw
Wu Jian
Zin
The Shining One
Beogh
Jiyva

Shops:
D:4 [   D:6 *?!((   Orc:2 *([:   Depths:1 ==:

Portals:
Hell: Depths:1 Depths:2
Abyss: Depths:1
Pandemonium: Depths:1
Ziggurat: Depths:1


Innate Abilities, Weirdness & Mutations

You have razor-sharp toenails.
You are mostly covered in molten scales. (AC +3)
A demonic guardian rushes to your aid.
You are very robust. (+20% HP)
A meltable shield of frost defends you. (SH +4)
You have a pair of small antennae on your head.
Your flesh is heat resistant. (rF+)


Message History

You hit the alligator. The alligator barely misses you.
You block the alligator's attack.
You hit the alligator.
The alligator is heavily wounded.
The alligator bites you but does no damage.
The alligator completely misses you. You block the alligator's attack.
The alligator tail-slaps you.
* * * LOW HITPOINT WARNING * * *
You hit the alligator.
The alligator is heavily wounded.
You slice the alligator!! You block the alligator's attack. x2
The alligator closely misses you. You block the alligator's attack.
You slice the alligator!!
The alligator is severely wounded.
You hit the alligator. You block the alligator's attack.
The alligator tail-slaps you but does no damage.
The alligator bites you!!
* * * LOW HITPOINT WARNING * * *
A demonic guardian appears!
You block the alligator's attack.
Casting: Agony (dangerous; 50% risk of failure)
Confirm with . or Enter, or press ? or * to list all spells.
You blink.
Splash!
You fall into the shallow water.
Moving in this stuff is going to be slow.
You block the alligator's attack. x2
A spriggan air mage comes into view.
Found 24 poisoned darts.
The spriggan air mage shouts!
You slash the alligator!
The alligator is heavily wounded.
You block the alligator's attack.
The alligator tail-slaps you but does no damage.
Okay, then.
You feel better. The alligator completely misses you.
You block the alligator's attack.
A will-o-the-wisp comes into view.
The spriggan air mage casts a spell at you.
The bolt of lightning hits you!!!
You die...

♣♣....≈≈≈≈≈≈≈.≈......
♣≈♣♣≈.≈≈≈≈≈≈.......#
♣♣♣≈♣♣≈.....?.#.#..
♣§^♣≈≈♣≈.....#.# .
♣♣♣♣≈♣♣♣.§.#..##.
♣♣♣♣♣.≈.......#
.≈♣♣≈≈≈.≈.......#
..i.≈≈≈.t.......[.
.≈..≈§≈@t.3##.#.....
§≈≈...≈≈...# .#.###.
§≈≈≈...≈≈≈..... .
≈≈≈....≈..♣.....##
≈≈≈..≈≈≈♣♣.≈....
(≈..≈§≈.♣ ......
....≈≈≈.≈ ...≈≈.
....≈v§.≈ ..≈≈.≈


You could see 2 alligators, a spriggan air mage (repels missiles), a
will-o-the-wisp and a friendly soul eater (summoned).

Vanquished Creatures
  Frances (Swamp:1)
  Kirke (D:12)
  Gastronok (Lair:3)
  A frost giant (Depths:2)
  3 very ugly things (Depths:1)
  5 stone giants
  A caustic shrike skeleton (Depths:2)
  A white draconian (IceCv)
  4 dire elephants (Lair:6)
  2 bunyips
  An ettin (Orc:2)
  An eleionoma (Swamp:2)
  The ghost of Waraf the Tainter, a journeyman OpVM of Ru (Orc:1)
  3 rakshasas
  A great orb of eyes (Depths:2)
  A hell beast (Depths:1)
  5 hydras
  2 ice dragons
  A catoblepas (D:12)
  A ghost crab (Swamp:1)
  An anaconda (Lair:6)
  A centaur warrior (D:15)
  An ogre mage (D:15)
  8 two-headed ogres
  6 death yaks
  2 tengu warriors (D:15)
  A titan zombie (Depths:2)
  2 orc high priests (Orc:2)
  Urug (Lair:1)
  Sonja (Lair:1)
  A goliath frog (Swamp:1)
  2 unseen horrors (D:15)
  An infernal demonspawn (Depths:1)
  2 spriggan druids
  A spark wasp zombie (Depths:2)
  A wizard (D:15)
  A lindwurm (Lair:5)
  3 bog bodies
  2 necromancers
  A swamp dragon (Swamp:2)
  4 orc knights
  Pikel (D:3)
  6 orc sorcerers
  31 ugly things
  A wolf spider zombie (D:15)
  3 will-o-the-wisps (Swamp:1)
  2 cyclopes
  14 elephants (Lair:6)
  A stone giant skeleton (Depths:2)
  8 black mambas
  A manticore (Lair:5)
  Maurice (D:12)
  A naga mage (D:15)
  An ice statue (IceCv)
  A spriggan zombie (Depths:1)
  A torpor snail (Lair:6)
  2 gargoyles
  16 cane toads
  A smoke demon (Depths:1)
  An orange demon (Depths:1)
  2 spriggan skeletons
  5 rime drakes
  2 tengu conjurers
  9 komodo dragons
  An efreet (D:13)
  3 tyrant leeches (Swamp:1)
  A wandering mushroom (Lair:5)
  A hornet (Swamp:1)
  18 polar bears
  A queen bee (Lair:5)
  3 meliai (Lair:5)
  7 trolls
  A raiju (shapeshifter) (D:13)
  16 slime creatures
  23 blink frogs
  A ynoxinul (Depths:1)
  2 wraiths
  4 water elementals
  68 yaks
  A spriggan (Swamp:1)
  14 basilisks
  8 wyverns
  2 hogs
  A golden eye (shapeshifter) (D:13)
  A steam dragon (Lair:3)
  4 vampire mosquitoes
  6 swamp worms
  4 wargs
  2 nagas (Lair:2)
  A soldier ant (D:13)
  An acid dragon (shapeshifter) (Depths:2)
  15 water moccasins
  2 acid dragons
  45 orc warriors
  A swamp drake (Swamp:2)
  A sky beast (D:12)
  3 black bears
  A hornet zombie (D:7)
  2 ice beasts
  10 ogres
  15 wolves
  A necrophage (D:11)
  A phantom (D:8)
  11 centaurs
  A centaur (shapeshifter) (Depths:2)
  A kobold brigand (D:10)
  20 bullfrogs
  A wyvern zombie (D:10)
  A water moccasin skeleton (D:8)
  7 scorpions
  A ballistomycete (Lair:5)
  44 killer bees
  20 wights
  6 howler monkeys
  A bullfrog zombie (D:6)
  3 centaur zombies
  3 quasits
  4 bullfrog skeletons
  5 hounds
  2 centaur skeletons
  37 orc priests
  Crazy Yiuf (D:2)
  3 jellies
  4 iguanas
  Jessica (D:3)
  24 orc wizards
  A hell rat (Lair:5)
  10 worker ants
  A tengu simulacrum (Depths:1)
  2 hound zombies
  2 hound skeletons
  A worker ant zombie (D:6)
  18 adders
  2 river rats (Lair:5)
  13 white imps
  An ufetubus (D:10)
  An ooze (D:1)
  An adder skeleton (D:4)
  An adder zombie (D:6)
  2 worms
  5 dart slugs
  3 leopard geckos
  129 orcs
  6 giant cockroaches
  12 hobgoblins
  16 jackals
  A quokka (D:6)
  A ball python (D:3)
  4 bats (D:3)
  7 frilled lizards
  A giant cockroach zombie (D:6)
  20 goblins
  18 kobolds
  A quokka skeleton (D:5)
  A quokka zombie (D:5)
  6 rats
  2 ballistomycete spores (Lair:5)
  2 foxfires (Swamp:1)
975 creatures vanquished.

Vanquished Creatures (collateral kills)
  An orc warlord (Orc:1)
  Aizul (Swamp:1)
  2 dire elephants (Lair:6)
  A catoblepas (Lair:2)
  2 hydras
  A goliath frog (Swamp:1)
  4 ugly things
  A cyclops (D:9)
  A cane toad (Lair:2)
  2 komodo dragons
  A komodo dragon (shapeshifter) (D:13)
  A hornet (Swamp:1)
  3 blink frogs
  A spriggan (Swamp:1)
  2 yaks
  A wyvern (Lair:5)
  A hog (D:12)
  3 orc warriors
  3 ogres
  A centaur (Orc:2)
  A kobold brigand (D:7)
  A bullfrog (D:9)
  A scorpion (D:14)
  A killer bee (Lair:5)
  A wight (D:3)
  A quasit (D:8)
  An orc priest (Orc:2)
  An orc wizard (D:11)
  Robin (D:3)
  5 orcs
  A giant cockroach (D:8)
  A kobold (D:7)
49 creatures vanquished.

Vanquished Creatures (others)
  An ice dragon (Depths:2)
  A goliath frog (Swamp:1)
  A wizard (D:15)
  An orc warrior (Orc:2)
  2 bloated husks (Swamp:1)
  2 yaks (D:9)
  A swamp worm (Swamp:1)
  A centaur (Orc:2)
  3 howler monkeys (D:12)
  An orc wizard (D:13)
  24 foxfires
  55 fungi
  63 plants
156 creatures vanquished.

Grand Total: 1180 creatures vanquished

Notes
Turn   | Place    | Note
-------+----------+-------------------------------------------
     0 | D:1      | Ijustatesigmund the Demonspawn Fighter began the quest for
                  | the Orb.
     0 | D:1      | Reached XP level 1. HP: 18/18 MP: 1/1
   274 | D:1      | Gained mutation: A meltable shield of frost defends you.
                  | (SH +4) [demonic ancestry]
   274 | D:1      | Reached XP level 2. HP: 17/24 MP: 2/2
   668 | D:1      | You fall into a shaft and drop 1 floor!
   677 | D:2      | Reached skill level 1 in Dodging
   702 | D:2      | Gained mutation: A weak demonic guardian rushes to your
                  | aid. [demonic ancestry]
   702 | D:2      | Reached XP level 3. HP: 24/29 MP: 3/3
  1175 | D:1      | Reached XP level 4. HP: 35/35 MP: 4/4
  1848 | D:2      | Found a runed translucent door.
  1849 | D:2      | Noticed Crazy Yiuf
  1861 | D:2      | Killed Crazy Yiuf
  2258 | D:2      | Found a faded altar of an unknown god.
  2421 | D:3      | Gained mutation: You have sharp toenails. [demonic
                  | ancestry]
  2421 | D:3      | Reached XP level 5. HP: 30/42 MP: 5/5
  2544 | D:3      | Noticed Jessica
  2549 | D:3      | Killed Jessica
  2576 | D:3      | Noticed Robin
  2787 | D:3      | Killed Robin
  2793 | D:3      | Reached XP level 6. HP: 31/48 MP: 6/6
  3391 | D:3      | Found a stormy altar of Qazlal.
  3583 | D:4      | Noticed Pikel
  3595 | D:3      | Killed Pikel
  3596 | D:3      | Reached skill level 5 in Fighting
  3596 | D:3      | Reached skill level 5 in Axes
  3596 | D:3      | Gained mutation: You are partially covered in molten
                  | scales. (AC +2) [demonic ancestry]
  3596 | D:3      | Reached XP level 7. HP: 45/56 MP: 7/7
  3765 | D:4      | Found Lanlif's Armour Emporium.
  4104 | D:4      | You fall into a shaft and drop 1 floor!
  4104 | D:5      | Entered Level 5 of the Dungeon
  4244 | D:5      | Gained mutation: You are mostly covered in molten scales.
                  | (AC +3) [demonic ancestry]
  4244 | D:5      | Reached XP level 8. HP: 63/63 MP: 8/8
  4272 | D:5      | Found a sacrificial altar of Ru.
  5390 | D:6      | Found a broken altar of Ashenzari.
  5394 | D:6      | Found Wiohurus's Magic Scroll Shoppe.
  5420 | D:6      | Found Dearil's Assorted Antiques.
  5423 | D:6      | Bought 2 scrolls labelled ASEILUI FOEMU for 36 gold pieces
  5455 | D:6      | Found Xexox's Distillery.
  5535 | D:6      | Found Hygeezisuecs's Antique Weapon Boutique.
  5562 | D:6      | Found an iron altar of Okawaru.
  5626 | D:6      | Found Dampo's Weapon Shoppe.
  5737 | D:6      | Found a hide-covered altar of Uskayaw.
  5830 | D:6      | Found a staircase to the Ecumenical Temple.
  5855 | D:6      | Found a broken altar of Ashenzari.
  5855 | D:6      | Found a blossoming altar of Fedhas.
  5869 | D:6      | Found an ornate altar of the Wu Jian Council.
  5871 | D:6      | Gained mutation: You have a pair of small antennae on your
                  | head. [potion of mutation]
  5871 | D:6      | Gained mutation: Your flesh is heat resistant. (rF+)
                  | [potion of mutation]
  5874 | D:6      | Found a snail-covered altar of Cheibriados.
  6551 | D:7      | Gained mutation: You have razor-sharp toenails. [demonic
                  | ancestry]
  6551 | D:7      | Reached XP level 9. HP: 71/71 MP: 9/9
  6796 | D:4      | Bought a +4 chain mail of fire resistance for 441 gold
                  | pieces
  7609 | D:8      | Noticed a troll
  7629 | D:8      | Killed a troll
  7849 | D:8      | Reached skill level 5 in Shields
  7886 | D:8      | Reached skill level 5 in Armour
  7949 | D:8      | Found a staircase to the Lair.
  8347 | D:9      | Learned a level 1 spell: Magic Dart
  8350 | D:9      | Learned a level 2 spell: Blink
  8447 | D:9      | Reached skill level 1 in Translocations
  8503 | D:9      | Noticed a cyclops
  8543 | D:9      | Killed a cyclops
  8544 | D:9      | Reached XP level 10. HP: 35/80 MP: 10/10
  9345 | D:10     | Entered Level 10 of the Dungeon
  9473 | D:6      | Became a worshipper of Cheibriados the Contemplative
  9810 | D:10     | Reached skill level 1 in Invocations
 10292 | D:10     | Reached skill level 2 in Invocations
 10565 | D:10     | Reached * piety under Cheibriados
 10664 | D:10     | Reached skill level 3 in Invocations
 10972 | D:10     | Noticed a two-headed ogre
 10983 | D:10     | Reached skill level 4 in Invocations
 11007 | D:10     | Killed a two-headed ogre
 11008 | D:10     | Reached skill level 5 in Invocations
 11271 | D:11     | Gained mutation: A demonic guardian rushes to your aid.
                  | [demonic ancestry]
 11271 | D:11     | Reached XP level 11. HP: 88/89 MP: 14/14
 11351 | D:11     | Noticed a four-headed hydra
 11352 | D:11     | Reached ** piety under Cheibriados
 11359 | D:11     | Killed a four-headed hydra
 11416 | D:11     | Noticed a two-headed ogre
 11424 | D:11     | Killed a two-headed ogre
 11425 | D:11     | Reached skill level 6 in Invocations
 11534 | D:11     | Noticed a green ugly thing
 11542 | D:11     | Killed a green ugly thing
 11921 | D:11     | Reached *** piety under Cheibriados
 12401 | D:11     | Found a staircase to the Orcish Mines.
 12831 | D:12     | Noticed a seven-headed hydra
 13114 | D:12     | Reached skill level 7 in Invocations
 13158 | D:12     | Reached **** piety under Cheibriados
 13190 | D:12     | Noticed a catoblepas
 13309 | D:12     | Killed a catoblepas
 13312 | D:12     | Reached skill level 10 in Fighting
 13590 | D:12     | Killed a nine-headed hydra
 13591 | D:12     | Reached skill level 10 in Axes
 13877 | D:12     | Reached skill level 8 in Invocations
 13947 | D:12     | Noticed Maurice
 14022 | D:12     | Killed Maurice
 14146 | D:12     | Found a shadowy altar of Dithmenos.
 14170 | D:12     | Upgraded the game from 0.27-a0-585-g945025970d to
                  | 0.27-a0-594-g2aaa8dbbc2
 14431 | D:12     | Noticed Kirke
 14454 | D:12     | Noticed a lindwurm
 14456 | D:12     | Killed Kirke
 14457 | D:12     | Reached XP level 12. HP: 23/98 MP: 11/18
 15239 | D:13     | Reached skill level 9 in Invocations
 15239 | D:13     | Noticed a queen ant
 15239 | D:13     | a goliath frog changed into a queen ant
 15245 | D:13     | a queen ant changed into something unseen
 15253 | D:13     | Noticed an eight-headed hydra
 15256 | D:13     | Noticed a spark wasp
 15257 | D:13     | Noticed an alligator
 15257 | D:13     | a spark wasp changed into an alligator
 15261 | D:13     | Noticed a queen ant
 15513 | D:13     | Noticed an entropy weaver
 15513 | D:13     | a queen ant changed into an entropy weaver
 15514 | D:13     | Noticed an ettin
 15514 | D:13     | an entropy weaver changed into an ettin
 15514 | D:13     | Noticed an anaconda
 15514 | D:13     | an ettin changed into an anaconda
 15516 | D:13     | Noticed a bunyip
 15516 | D:13     | an anaconda changed into a bunyip
 15520 | D:13     | Noticed a fire dragon
 15520 | D:13     | a bunyip changed into a fire dragon
 15521 | D:13     | Noticed a queen ant
 15521 | D:13     | a fire dragon changed into a queen ant
 15524 | D:13     | a queen ant changed into a goliath frog
 15525 | D:13     | Noticed a boulder beetle
 15525 | D:13     | a goliath frog changed into a boulder beetle
 15531 | D:13     | Noticed an ice dragon
 15531 | D:13     | a boulder beetle changed into an ice dragon
 15533 | D:13     | an ice dragon changed into an eye of devastation
 15877 | D:13     | Found a gate to the Vaults.
 16422 | D:14     | Noticed an eight-headed hydra
 16427 | D:14     | Killed an eight-headed hydra
 16584 | D:14     | Noticed a two-headed ogre
 16589 | D:14     | Killed a two-headed ogre
 16696 | D:14     | Identified the +10 hand axe "Agonkaig" {pain, SInv}
 16891 | D:14     | Learned a level 5 spell: Agony
 17136 | D:15     | Entered Level 15 of the Dungeon
 17162 | D:15     | Reached skill level 10 in Invocations
 17255 | D:15     | Reached skill level 1 in Necromancy
 17319 | D:15     | Noticed a centaur warrior
 17329 | D:15     | Killed a centaur warrior
 17439 | D:15     | Noticed a tengu warrior
 17440 | D:15     | Noticed a two-headed ogre
 17446 | D:15     | Killed a two-headed ogre
 17454 | D:15     | Killed a tengu warrior
 17560 | D:15     | Reached skill level 11 in Invocations
 17653 | D:15     | Noticed a tengu warrior
 17665 | D:15     | Killed a tengu warrior
 17670 | D:15     | Reached ***** piety under Cheibriados
 17801 | D:15     | Reached skill level 5 in Necromancy
 17871 | D:15     | Reached XP level 13. HP: 100/106 MP: 21/21
 17988 | D:15     | Reached skill level 12 in Invocations
 18505 | D:15     | Found a staircase to the Depths.
 18623 | D:15     | Reached skill level 13 in Invocations
 19035 | Lair:1   | Entered Level 1 of the Lair of Beasts
 19538 | Lair:1   | Noticed Sonja
 19546 | Lair:1   | Killed Sonja
 19795 | Lair:1   | Noticed Urug
 19804 | Lair:1   | Killed Urug
 20721 | Lair:2   | Reached skill level 5 in Dodging
 20882 | Lair:2   | Reached XP level 14. HP: 80/113 MP: 24/24
 20883 | Lair:2   | Reached skill level 14 in Invocations
 21098 | Lair:2   | Found a staircase to the Snake Pit.
 21135 | Lair:2   | Reached ****** piety under Cheibriados
 22210 | Lair:3   | Found a frozen archway.
 22305 | IceCv    | Entered an ice cave
 22375 | IceCv    | Reached skill level 1 in Evocations
 23971 | Lair:3   | Noticed Gastronok
 23986 | Lair:3   | Killed Gastronok
 24642 | Lair:3   | Found a staircase to the Swamp.
 25894 | Lair:5   | Found a viscous altar of Jiyva.
 25894 | Lair:5   | Found a staircase to the Slime Pits.
 26158 | Lair:6   | Entered Level 6 of the Lair of Beasts
 26678 | Lair:5   | Reached skill level 10 in Necromancy
 26843 | Lair:5   | Identified the +7 quarterstaff of the Bear {freeze, +Inv
                  | rPois MP+9 Dex-3}
 26884 | Lair:5   | Gained mutation: You are robust. (+10% HP) [demonic
                  | ancestry]
 26884 | Lair:5   | Reached XP level 15. HP: 115/132 MP: 26/26
 28941 | Lair:6   | Reached skill level 15 in Invocations
 31226 | Orc:1    | Entered Level 1 of the Orcish Mines
 31226 | Orc:1    | Found a burning altar of Makhleb.
 31266 | Orc:1    | Found a runed translucent gate.
 31266 | Orc:1    | Found a runed translucent gate.
 31266 | Orc:1    | Found a runed translucent gate.
 31274 | Orc:1    | Noticed Waraf's ghost (journeyman OpVM)
 31616 | Orc:1    | Noticed an orc warlord
 31637 | Orc:1    | Killed an orc warlord
 31638 | Orc:1    | Reached skill level 16 in Invocations
 32299 | Orc:2    | Entered Level 2 of the Orcish Mines
 32718 | Orc:2    | Found a bloodstained altar of Trog.
 33431 | Orc:2    | Found a staircase to the Elven Halls.
 33844 | Orc:2    | Found Daniloni's Weapon Shoppe.
 33844 | Orc:2    | Found Ullimuss's Antique Armour Boutique.
 33956 | Orc:2    | Found Hadyta's Book Shop.
 33958 | Orc:2    | Found Megor's Assorted Antiques.
 33970 | Orc:2    | Bought a coral ring for 145 gold pieces
 33975 | Orc:2    | Bought an embroidered cloak for 270 gold pieces
 33989 | Orc:2    | Bought a manual of Maces & Flails for 1656 gold pieces
 34201 | Orc:1    | Killed Waraf's ghost
 34202 | Orc:1    | Reached XP level 16. HP: 141/144 MP: 28/28
 34347 | Depths:1 | Entered Level 1 of the Depths
 34362 | D:15     | Reached skill level 1 in Maces & Flails
 34594 | Depths:1 | Found a one-way gate leading to the halls of Pandemonium.
 35800 | Depths:1 | Found a gateway to Hell.
 36599 | Depths:1 | Found a gateway to a ziggurat.
 36716 | Depths:1 | Found a one-way gate to the infinite horrors of the Abyss.
 36830 | Depths:1 | Found Pionoummo's Jewellery Shoppe.
 36835 | Depths:1 | Found Voalieres's Book Shop.
 36836 | Depths:1 | Found Affoj's Jewellery Shoppe.
 36842 | Depths:1 | Bought a ring of poison resistance for 240 gold pieces
 37376 | Depths:2 | Noticed a pearl dragon
 37389 | Depths:2 | Reached skill level 17 in Invocations
 39051 | Depths:2 | Identified the +1 chain mail "Xadezec" {rF- rN++ Str+2
                  | Slay+2}
 39623 | Swamp:1  | Entered Level 1 of the Swamp
 40867 | Swamp:1  | Noticed Aizul
 41123 | Swamp:1  | Killed Aizul
 41834 | Swamp:1  | Reached skill level 10 in Armour
 42129 | Swamp:1  | Noticed Frances
 42158 | Swamp:1  | Killed Frances
 43117 | Swamp:2  | Gained mutation: You are very robust. (+20% HP) [demonic
                  | ancestry]
 43117 | Swamp:2  | Reached XP level 17. HP: 76/165 MP: 29/29
 43132 | Swamp:2  | Killed from afar by a spriggan air mage

Illustrated notes

Levels and vault maps discovered:
D:1:      dpeg_arrival_round_a, layout_loops_cross, serial_rivers,
          chequers_serial_rivers_small_a, chequers_serial_rivers_micro_b,
          chequers_serial_rivers_small_a, chequers_serial_rivers_micro_b,
          serial_bayou_pond_a
D:2:      layout_rooms, chequers_ecumenical_altar_lobes, uniq_crazy_yiuf_cottage
D:3:      lemuel_upstairs_altar, layout_rooms, lemuel_doored_altar,
          uniq_jessica, uniq_robin
D:4:      layout_loops_cross, serial_shops, nicolae_shop_stone, uniq_pikel
D:5:      layout_basic, hangedman_ru_absence
D:6:      layout_basic, old_standard_altar, minmay_overflow_temple_star_hex,
          nicolae_uskayaw_dance_hall, minmay_temple_entry_glassed_door,
          serial_shops, kennysheep_mini, kennysheep_little_box, shop,
          shop_statue, nicolae_shop_statue_plus, serial_undead, serial_undead_f,
          serial_undead_d, serial_undead_e, serial_undead_c,
          cheibrodos_ashenzari_chains
D:7:      layout_loops_corners, skrybe_limestone_x
D:8:      layout_rooms, lair_entry_dummy
D:9:      layout_stronghold, serial_glass, glass_columns_a, glass_columns_c,
          feat_on_display, feat_on_display
D:10:     layout_basic
D:11:     layout_cave_pools, hiddenorc1_lemuel, item_on_display_a
D:12:     layout_stronghold, nicolae_dithmenos_through_a_glass_darkly,
          uniq_maurice, uniq_kirke
D:13:     layout_roguey, david_vaults_2
D:14:     layout_roguey, minivault_26
D:15:     grunt_enter_depths_magical_seal, layout_small_grid
Lair:1:   layout_loops_ring, uniq_sonja, uniq_urug
Lair:2:   layout_small_grid, guppyfry_snake_entry_island, basic_altar
Lair:3:   layout_misc_corridors, swamp_mist, portal_ice_cave_entry_imps,
          uniq_gastronok
Lair:4:   layout_concentric_octagons, grunt_megastairs_1
Lair:5:   regret_index_harrowing_hell_hive, layout_regular_city,
          dpeg_slime_entry_enclosed_altar
Lair:6:   due_jungle_book, layout_regular_city, kennysheep_basilisk_garden,
          lemuel_fruit_fields
Swamp:1:  layout_basic_swamp, nicolae_swamp_orc_logging_accident, swamp_pool5,
          uniq_frances, uniq_aizul
Swamp:2:  layout_basic_swamp, evilmike_swamp_ruin_rubble_1, swamp_pool1
Orc:1:    layout_diamond_mine, ebering_ghost_rock_garden, basic_altar,
          minmay_orc_temple_b
Orc:2:    st_orc_rangers, layout_diamond_mine, basic_altar, minmay_orc_temple_c
Depths:1: layout_roguey, enter_ziggurat_a, rand_demon_pan_entry_8,
          hangedman_abyss_entry_splay, kennysheep_doodads, hell_entry,
          serial_bayou_crossing, minmay_shop_grove, serial_bayou_shore_b
Depths:2: minmay_split_circle, layout_cave_pools, serial_glass, glass_columns_a,
          glass_columns_a, hell_entry, hallowed_hall,
          infiniplex_staircase_zigzag_2

Skill      XL: |  1  2  3  4  5  6  7  8  9 10 11 12 13 14 15 16 |
---------------+-------------------------------------------------+-----
Axes           | 2 3 4 5 6 7 8 9 10 11 12 13 | 13.3
Dodging        | 1 2 3 4 5 6 7 |  7.5
Fighting       | 4 5 6 7 9 10 11 12 13 | 13.8
Armour         | 4 5 7 8 9 10 | 10.0
Shields        | 4 5 6 7 8 |  8.1
Translocations | 2 3 4 |  4.8
Invocations    | 5 8 11 13 14 16 17 | 17.8
Necromancy     | 5 8 10 | 10.7
Evocations     | 3 |  3.7
Maces & Flails | 4 |  4.4

Action                   |  1- 3 |  4- 6 |  7- 9 | 10-12 | 13-15 | 16-18 || total
-------------------------+-------+-------+-------+-------+-------+-------++-------
Melee: War axe           |    95 |   229 |   377 |   569 |  1272 |   753 ||  3295
       Mace              |       |       |       |    56 |    28 |    18 ||   102
       Unarmed           |       |       |       |    13 |       |       ||    13
       Hand axe          |       |       |       |   109 |   196 |       ||   305
Throw: Dart              |       |       |       |       |    27 |    11 ||    38
 Cast: Agony             |       |       |       |       |     2 |     1 ||     3
       Blink             |       |       |       |       |       |     1 ||     1
Invok: Bend Time         |       |       |       |     5 |     1 |     3 ||     9
       Slouch            |       |       |       |     3 |     9 |     8 ||    20
       Step From Time    |       |       |       |       |     1 |     4 ||     5
Evoke: Wand              |       |     2 |     9 |    16 |    27 |    12 ||    66
  Use: Scroll            |     3 |     4 |    11 |    13 |     8 |     6 ||    45
       Potion            |       |     4 |     4 |     3 |     2 |     8 ||    21
 Stab: Invisible         |       |       |     2 |       |     3 |       ||     5
       Distracted        |       |       |     1 |       |     2 |     3 ||     6
       Petrified         |       |       |       |     1 |       |       ||     1
Armor: Scale mail        |    31 |   106 |   109 |       |       |       ||   246
       Chain mail        |       |       |    86 |   407 |   573 |   141 ||  1207
       Ice dragon scales |       |       |       |       |       |    47 ||    47
Dodge: Dodged            |    21 |    68 |   114 |   254 |   644 |   258 ||  1359
Block: Kite shield       |    77 |   199 |   288 |   685 |  1389 |   522 ||  3160
       Tower shield      |       |       |       |       |   296 |       ||   296

Table legend: (Time is in decaauts)
 A = Elapsed time spent in this place.
 B = Non-inter-level travel time spent in this place.
 C = Inter-level travel time spent in this place.
 D = Time resting spent in this place.
 E = Time spent auto-exploring this place.
 F = Levels seen in this place.
 G = Mean time per level.
                   A        B        C        D        E       F      G
               +--------+--------+--------+--------+--------+-----+--------+
         Total |  54133 |  51096 |   3037 |  12604 |  29516 |  28 | 1933.3 |
       Dungeon |  22754 |  20772 |   1982 |   3666 |  13461 |  15 | 1516.9 |
          Lair |  14936 |  14384 |    552 |   2896 |   9314 |   6 | 2489.3 |
         Swamp |   4033 |   3997 |     36 |   1941 |   1545 |   2 | 2016.5 |
  Orcish Mines |   4459 |   4090 |    369 |    447 |   2613 |   2 | 2229.5 |
        Depths |   5955 |   5857 |     98 |   2961 |   1733 |   2 | 2977.5 |
      Ice Cave |   1994 |   1994 |      0 |    693 |    849 |   1 | 1994.0 |
               +--------+--------+--------+--------+--------+-----+--------+

Top non-repeatable levels by time:
  Lair:5: 3874 daAuts
 Swamp:1: 3843 daAuts
  Lair:6: 3503 daAuts
    D:12: 3502 daAuts
Depths:1: 3255 daAuts
Depths:2: 2700 daAuts
  Lair:2: 2559 daAuts
   Orc:2: 2483 daAuts
    D:15: 2482 daAuts
    D:10: 2214 daAuts
  Lair:1: 2146 daAuts
   IceCv: 1994 daAuts
   Orc:1: 1976 daAuts
    D:11: 1676 daAuts
    D:13: 1524 daAuts
